[ AOE2 MATCH · #495752672 ]
UnrankedLithuanians vs Muisca
Rival team · WIN
[ REPLAY ANALYSIS · EXTRACTED FROM THE RECORDED GAME ]
Feudal
9:15
Castle
23:05
Imperial
38:50
| APM avg | 48.0 |
| APM peak | 110 |
| eAPM avg | 27.4 |
| Villagers / military | 186 / 160 |
Focus
⚔️ 38.1% · 🌾 61.9%
Cavalry Archer ×62 · Skirmisher ×39 · Scout Cavalry ×22 · Archer ×13 · Monk ×8 · Knight ×4
Feudal
8:53
Castle
22:17
Imperial
38:59
| APM avg | 46.2 |
| APM peak | 82 |
| eAPM avg | 20.4 |
| Villagers / military | 164 / 62 |
Focus
⚔️ 35.5% · 🌾 64.5%
Unknown (2550) ×26 · Unknown (2586) ×23 · Skirmisher ×17 · Unknown (2562) ×17 · Monk ×14 · Archer ×9
Match map
Initial resources + every placement click. Lines = walls · curves = elevation contours. ◆ gold · ⬟ stone · ● berries · ✦ relic · ◌ wall gap
Your base· ✓ Closed at 23:05 · 20t walls · 2 gate(s)
Pezeteros's base· ✓ Closed at 22:17 · 36t walls · no gate
Smoothed initial terrain · ◌ = detected wall gap · hover for details
Inputs per minute
— The Chancellor - - Pezeteros
Build order — The Chancellor
First 150 of 566 actions detected
| 0:00 | Queue | Villager (Male) |
| 0:00 | Queue | Villager (Male) |
| 0:02 | Build | House |
| 0:02 | Queue | Villager (Male) |
| 0:02 | Queue | Villager (Male) |
| 0:03 | Build | House |
| 0:03 | Queue | Villager (Male) |
| 0:07 | Queue | Villager (Male) |
| 1:23 | Queue | Villager (Male) |
| 1:58 | Queue | Villager (Male) |
| 2:07 | Build | Lumber Camp |
| 2:11 | Queue | Villager (Male) |
| 3:22 | Queue | Villager (Male) |
| 3:28 | Build | House |
| 3:42 | Queue | Villager (Male) |
| 3:58 | Queue | Villager (Male) |
| 4:38 | Build | Mill |
| 4:46 | Queue | Villager (Male) |
| 5:08 | Queue | Villager (Male) |
| 5:27 | Queue | Villager (Male) |
| 5:45 | Build | House |
| 5:49 | Queue | Villager (Male) |
| 6:20 | Research | Loom |
| 6:31 | Research | Feudal Age |
| 6:31 | Research | Feudal Age |
| 7:03 | Build | Lumber Camp |
| 7:51 | Queue | Villager (Male) |
| 8:04 | Build | Barracks |
| 8:07 | Build | House |
| 8:20 | Queue | Villager (Male) |
| 8:49 | Build | House |
| 9:06 | Build | House |
| 9:11 | Queue | Villager (Male) |
| 9:15 | Age | Feudal Age |
| 9:19 | Build | Stable |
| 9:23 | Research | Double-Bit Axe |
| 9:47 | Queue | Villager (Male) |
| 9:56 | Research | Horse Collar |
| 10:09 | Queue | Scout Cavalry |
| 10:18 | Queue | Scout Cavalry |
| 10:21 | Build | House |
| 10:24 | Build | Farm |
| 10:29 | Build | Farm |
| 10:34 | Queue | Villager (Male) |
| 10:45 | Build | House |
| 10:55 | Build | Palisade Wall |
| 10:56 | Queue | Villager (Male) |
| 11:15 | Build | Archery Range |
| 11:18 | Queue | Scout Cavalry |
| 11:44 | Queue | Scout Cavalry |
| 11:49 | Queue | Villager (Male) |
| 12:05 | Build | House |
| 12:12 | Build | House |
| 12:17 | Build | Palisade Gate |
| 12:18 | Queue | Villager (Male) |
| 12:20 | Queue | Skirmisher |
| 12:26 | Queue | Villager (Male) |
| 12:27 | Build | Farm |
| 12:31 | Build | Farm |
| 12:33 | Build | Farm |
| 12:43 | Queue | Villager (Male) |
| 12:44 | Queue | Archer |
| 12:48 | Build | House |
| 13:07 | Queue | Villager (Male) |
| 13:08 | Build | House |
| 13:26 | Queue | Villager (Male) |
| 13:35 | Build | Farm |
| 13:37 | Build | House |
| 13:38 | Build | Palisade Wall |
| 13:41 | Queue | Skirmisher |
| 13:44 | Build | Farm |
| 13:46 | Build | House |
| 13:47 | Build | Palisade Wall |
| 13:56 | Build | Farm |
| 13:56 | Queue | Villager (Male) |
| 14:17 | Queue | Villager (Male) |
| 14:19 | Build | Farm |
| 14:22 | Build | Farm |
| 14:24 | Queue | Villager (Male) |
| 14:25 | Build | Farm |
| 14:27 | Build | Farm |
| 14:27 | Build | Farm |
| 14:27 | Build | Farm |
| 14:28 | Build | Farm |
| 14:36 | Build | House |
| 14:38 | Build | Palisade Wall |
| 14:39 | Queue | Villager (Male) |
| 14:43 | Queue | Skirmisher |
| 14:49 | Queue | Villager (Male) |
| 15:00 | Build | Mining Camp |
| 15:10 | Queue | Skirmisher |
| 15:11 | Queue | Skirmisher |
| 15:15 | Queue | Skirmisher |
| 15:16 | Queue | Villager (Male) |
| 15:20 | Build | Palisade Gate |
| 15:32 | Queue | Skirmisher |
| 15:37 | Build | Blacksmith |
| 15:38 | Queue | Villager (Male) |
| 15:45 | Queue | Skirmisher |
| 15:53 | Research | Town Watch |
| 16:00 | Build | House |
| 16:02 | Build | Palisade Wall |
| 16:08 | Queue | Skirmisher |
| 16:12 | Queue | Villager (Male) |
| 16:15 | Build | Farm |
| 16:16 | Build | Farm |
| 16:17 | Build | Farm |
| 16:17 | Build | Farm |
| 16:17 | Build | Farm |
| 16:17 | Build | Farm |
| 16:17 | Build | Farm |
| 16:25 | Queue | Skirmisher |
| 16:36 | Queue | Villager (Male) |
| 16:38 | Queue | Skirmisher |
| 16:39 | Queue | Villager (Male) |
| 16:46 | Build | Farm |
| 16:54 | Queue | Villager (Male) |
| 17:04 | Queue | Villager (Male) |
| 17:12 | Research | Padded Archer Armor |
| 17:14 | Queue | Villager (Male) |
| 17:19 | Build | Watch Tower |
| 17:25 | Build | Watch Tower |
| 17:30 | Build | Mining Camp |
| 17:40 | Build | Market |
| 17:42 | Queue | Villager (Male) |
| 17:44 | Build | House |
| 17:44 | Build | House |
| 17:45 | Build | House |
| 17:48 | Build | House |
| 18:23 | Queue | Villager (Male) |
| 18:27 | Build | Mining Camp |
| 18:40 | Build | House |
| 18:43 | Research | Wheelbarrow |
| 18:59 | Build | House |
| 19:17 | Build | House |
| 19:38 | Research | Fletching |
| 20:16 | Queue | Scout Cavalry |
| 20:26 | Research | Castle Age |
| 20:39 | Build | House |
| 20:41 | Build | House |
| 21:05 | Queue | Skirmisher |
| 21:05 | Queue | Skirmisher |
| 21:54 | Queue | Villager (Male) |
| 21:55 | Queue | Skirmisher |
| 21:57 | Queue | Skirmisher |
| 22:10 | Build | Lumber Camp |
| 22:27 | Build | House |
| 22:32 | Build | House |
| 22:34 | Build | Palisade Wall |
| 22:54 | Queue | Scout Cavalry |
Build order — Pezeteros
First 150 of 428 actions detected
| 0:00 | Queue | Villager (Male) |
| 0:00 | Queue | Villager (Male) |
| 0:02 | Build | House |
| 0:03 | Build | House |
| 0:10 | Queue | Villager (Male) ×2 |
| 0:10 | Queue | Villager (Male) ×2 |
| 1:37 | Queue | Villager (Male) |
| 1:49 | Build | Settlement |
| 2:02 | Queue | Villager (Male) |
| 2:15 | Queue | Villager (Male) |
| 2:15 | Queue | Villager (Male) |
| 2:52 | Queue | Villager (Male) |
| 2:52 | Queue | Villager (Male) |
| 3:21 | Queue | Villager (Male) |
| 3:39 | Queue | Villager (Male) |
| 3:41 | Queue | Villager (Male) |
| 3:42 | Queue | Villager (Male) |
| 4:22 | Queue | Villager (Male) |
| 4:22 | Queue | Villager (Male) |
| 4:33 | Build | Settlement |
| 4:53 | Queue | Villager (Male) |
| 5:13 | Queue | Villager (Male) |
| 5:55 | Research | Loom |
| 6:43 | Research | Feudal Age |
| 6:54 | Build | Barracks |
| 7:23 | Queue | Villager (Male) |
| 7:58 | Queue | Unit 2550 |
| 8:03 | Build | Settlement |
| 8:20 | Queue | Unit 2550 |
| 8:53 | Age | Feudal Age |
| 8:55 | Research | Double-Bit Axe |
| 9:12 | Build | Archery Range |
| 9:13 | Build | Palisade Wall |
| 9:14 | Queue | Villager (Male) |
| 9:30 | Queue | Villager (Male) |
| 9:32 | Queue | Spearman |
| 9:50 | Research | Tech 1402 |
| 10:20 | Queue | Villager (Male) |
| 10:22 | Queue | Archer |
| 10:26 | Queue | Villager (Male) |
| 10:28 | Build | House |
| 10:45 | Queue | Unit 2550 |
| 11:03 | Queue | Archer |
| 11:10 | Build | House |
| 11:13 | Queue | Villager (Male) |
| 11:17 | Queue | Archer |
| 11:22 | Build | Palisade Wall |
| 11:26 | Queue | Spearman |
| 11:34 | Queue | Villager (Male) |
| 11:40 | Build | Palisade Wall |
| 11:50 | Queue | Villager (Male) |
| 11:56 | Queue | Unit 2550 |
| 12:10 | Queue | Villager (Male) |
| 12:12 | Queue | Spearman |
| 12:22 | Build | Palisade Wall |
| 12:23 | Queue | Villager (Male) |
| 12:27 | Build | Palisade Wall |
| 12:33 | Queue | Archer |
| 12:51 | Build | Farm |
| 12:53 | Build | Farm |
| 12:54 | Build | Farm |
| 13:12 | Queue | Villager (Male) |
| 13:16 | Queue | Spearman |
| 13:22 | Build | House |
| 13:33 | Queue | Villager (Male) |
| 13:38 | Queue | Archer |
| 14:00 | Build | Farm |
| 14:00 | Build | Farm |
| 14:01 | Build | Farm |
| 14:02 | Queue | Villager (Male) |
| 14:10 | Queue | Archer |
| 14:14 | Queue | Villager (Male) |
| 14:36 | Queue | Villager (Male) |
| 14:41 | Build | Blacksmith |
| 14:50 | Build | Farm |
| 14:51 | Queue | Villager (Male) |
| 14:58 | Build | House |
| 15:03 | Build | House |
| 15:25 | Queue | Villager (Male) |
| 15:46 | Queue | Archer |
| 15:47 | Queue | Unit 2550 |
| 15:52 | Research | Fletching |
| 15:56 | Build | House |
| 15:57 | Queue | Villager (Male) |
| 16:05 | Build | House |
| 16:08 | Build | Farm |
| 16:37 | Build | Farm |
| 16:42 | Build | Farm |
| 16:43 | Build | Farm |
| 16:46 | Build | House |
| 16:46 | Build | House |
| 16:48 | Queue | Villager (Male) |
| 16:50 | Queue | Archer |
| 17:02 | Build | House |
| 17:10 | Queue | Villager (Male) |
| 17:11 | Queue | Archer |
| 17:15 | Build | Farm |
| 17:17 | Build | Farm |
| 17:33 | Build | Farm |
| 18:26 | Queue | Villager (Male) |
| 18:32 | Build | Market |
| 18:37 | Build | House |
| 18:40 | Build | Farm |
| 18:40 | Build | Farm |
| 18:43 | Build | Farm |
| 18:50 | Build | Farm |
| 18:59 | Queue | Villager (Male) |
| 19:02 | Build | House |
| 19:03 | Build | House |
| 19:04 | Build | Palisade Wall |
| 19:37 | Research | Castle Age |
| 19:55 | Research | Horse Collar |
| 20:18 | Queue | Unit 2550 |
| 20:19 | Queue | Villager (Male) |
| 20:49 | Queue | Villager (Male) |
| 21:19 | Queue | Unit 2550 |
| 21:20 | Queue | Villager (Male) |
| 21:58 | Queue | Unit 2550 |
| 22:00 | Research | Forging |
| 22:13 | Build | House |
| 22:17 | Age | Castle Age |
| 22:19 | Research | Bow Saw |
| 22:23 | Research | Scale Mail Armor |
| 22:24 | Queue | Villager (Male) |
| 22:33 | Research | Tech 1351 |
| 22:39 | Build | Palisade Wall |
| 22:44 | Build | Monastery |
| 22:51 | Build | Siege Workshop |
| 22:59 | Queue | Unit 2586 |
| 23:03 | Queue | Villager (Male) |
| 23:15 | Build | Town Center |
| 23:28 | Queue | Villager (Male) |
| 23:38 | Queue | Unit 2586 |
| 23:41 | Queue | Battering Ram |
| 23:42 | Queue | Villager (Male) |
| 23:48 | Research | Chain Mail Armor |
| 24:00 | Queue | Mangonel |
| 24:04 | Build | Monastery |
| 24:14 | Queue | Monk |
| 24:18 | Build | Farm |
| 24:34 | Queue | Unit 2586 |
| 24:39 | Queue | Villager (Male) |
| 25:04 | Queue | Unit 2586 |
| 25:29 | Queue | Unit 2586 |
| 25:30 | Queue | Villager (Male) |
| 25:43 | Queue | Villager (Male) |
| 25:50 | Queue | Unit 2550 |
| 26:09 | Queue | Villager (Male) |
| 26:11 | Queue | Unit 2586 |
| 26:12 | Queue | Scorpion |
Match timeline
| 6:54 | Pezeteros · first_building Barracks |
| 8:04 | The Chancellor · first_building Barracks |
| 8:53 | Pezeteros · age_up feudal |
| 9:12 | Pezeteros · first_building Archery Range |
| 9:13 | Pezeteros · wall_segment Palisade Wall x1 |
| 9:15 | The Chancellor · age_up feudal |
| 9:19 | The Chancellor · first_building Stable |
| 10:55 | The Chancellor · wall_segment Palisade Wall x1 |
| 11:15 | The Chancellor · first_building Archery Range |
| 11:22 | Pezeteros · wall_segment Palisade Wall x10 |
| 11:40 | Pezeteros · wall_segment Palisade Wall x8 |
| 12:22 | Pezeteros · wall_segment Palisade Wall x8 |
| 12:27 | Pezeteros · wall_segment Palisade Wall x8 |
| 13:38 | The Chancellor · wall_segment Palisade Wall x1 |
| 13:47 | The Chancellor · wall_segment Palisade Wall x3 |
| 14:38 | The Chancellor · wall_segment Palisade Wall x6 |
| 16:02 | The Chancellor · wall_segment Palisade Wall x3 |
| 19:04 | Pezeteros · wall_segment Palisade Wall x1 |
| 19:22 | The Chancellor · first_market_sell 100 wood |
| 19:24 | The Chancellor · first_market_buy 100 food |
| 19:34 | Pezeteros · first_market_buy 100 food |
| 22:17 | Pezeteros · age_up castle |
| 22:34 | The Chancellor · wall_segment Palisade Wall x6 |
| 22:39 | Pezeteros · wall_segment Palisade Wall x1 |
| 22:44 | Pezeteros · first_building Monastery |
| 22:51 | Pezeteros · first_building Siege Workshop |
| 23:05 | The Chancellor · age_up castle |
| 23:38 | The Chancellor · first_building Siege Workshop |
| 26:17 | The Chancellor · first_building Monastery |
| 31:53 | Pezeteros · first_building Castle |
| 33:57 | The Chancellor · first_building Castle |
| 38:50 | The Chancellor · age_up imperial |
| 38:59 | Pezeteros · age_up imperial |
| 47:38 | Pezeteros · wall_segment Stone Wall x1 |
| 54:38 | The Chancellor · resign |
[ AI ANALYSIS · 1 CREDIT ]
What really happened in this match?
Wolo.gg analyzes every decision: build order, eco, micro, common mistakes by bracket. Personalized analysis on WhatsApp or Discord in 30 seconds.
Civ guide
Lithuanians
Perfil
Jugador #253973